 Dungeon Crawl Stone Soup version 0.30-a0-172-gc5509c9e31 (webtiles) character file.

Game seed: 17351442888163505989

19 qw the Shield-Bearer (level 2, -2/19 HPs)
             Began as a Gargoyle Fighter on Oct 1, 2022.
             Slain by Terence
             ... wielding a +0 mace
              (4 damage)
             ... on level 2 of the Dungeon.
             The game lasted 00:00:19 (1107 turns).

qw the Shield-Bearer (Gargoyle Fighter)             Turns: 1107, Time: 00:00:19

Health: -2/19      AC:  9    Str: 19    XL:     2   Next: 75%
Magic:  2/2        EV:  9    Int:  8    God:
Gold:   94         SH:  4    Dex:  9    Spells: 1/1 levels left

rFire   . . .      SeeInvis .    Y - +0 war axe
rCold   . . .      Faith    .    c - +0 buckler
rNeg    + . .      Spirit   .    b - +0 scale mail
rPois   inf        Reflect  .    (no helmet)
rElec   +          Harm     .    (no cloak)
rCorr   .          Rampage  .    (no gloves)
Will    .....                    (no boots)
Stlth   ..........               (no amulet)
HPRegen 0.23/turn                (no ring)
MPRegen 0.08/turn                (no ring)

@: no status effects
A: sickness immunity, AC +2, negative energy resistance 1, electricity
resistance, torment resistance 1, petrification resistance
a: no special abilities


You were on level 2 of the Dungeon.
You visited 1 branch of the dungeon, and saw 2 of its levels.

You collected 94 gold pieces.


Innate Abilities, Weirdness & Mutations

You are immune to sickness and miasma.
Your stone body is resilient. (AC +2)
You are immune to poison.
You resist negative energy. (rN+)
You are resistant to electric shocks. (rElec)
You are resistant to unholy torment.
You are immune to petrification.


   Skills:
 - Level 3.2 Fighting
 + Level 2.9 Axes
 - Level 3.2 Armour
 - Level 3.2 Shields


You had one spell level left.
You didn't know any spells.
Your spell library was empty.

Inventory:

Hand Weapons
 f - a +0 whip
 Y - a +0 war axe (weapon)
Armour
 b - a +0 scale mail (worn)
 c - a +0 buckler (worn)
Scrolls
 a - a scroll of identify
 e - a scroll of fog {unknown}
Potions
 d - a potion of might

Dungeon Overview and Level Annotations

Branches:
Dungeon (2/15)

Altars:

Annotations:
D:2 Terence


Message History

You completely miss the kobold. The kobold closely misses you.
You hit the kobold but do no damage.
You feel your willpower return. The kobold hits you but does no damage.
You closely miss the kobold. The kobold hits you but does no damage.
The kobold hits you with a +0 whip.
You slash the kobold!
You kill the kobold!
You start resting.
HP restored.
f - a +0 whip You see here a kobold corpse.
Terence the Incautious comes into view.
He is wielding a +0 mace.
Terence shouts!
You hit Terence.
Terence is lightly wounded.
Terence hits you with a +0 mace. Terence closely misses you.
You barely miss Terence.
Terence is lightly wounded.
Terence hits you with a +0 mace.
You slash Terence!
Terence is heavily wounded.
You block Terence's attack.
You barely miss Terence.
Terence is heavily wounded.
Terence closely misses you.
Terence drinks a potion.
Terence goes berserk!
You hit Terence.
Terence is heavily wounded.
Terence barely misses you. x2
You hit Terence.
Terence is heavily wounded.
Terence closely misses you. x2
You hit Terence.
Terence is severely wounded.
Terence hits you with a +0 mace! Terence hits you with a +0 mace.
You barely miss Terence.
Terence is severely wounded.
Terence hits you with a +0 mace. x2
You die...

# #. . #.
.##.##.####
.......@..#######
#.. #@.#.....#
##..####..#.....#
.........%.....#
#.#..#..#.....#
#...#.<#.....#
##...####.####
#....#....#
##.#.#.# ##
####....#....#


You could see Terence (berserk).

Vanquished Creatures
  A dart slug (D:1)
  4 ball pythons (D:1)
  2 endoplasms (D:1)
  3 goblins (D:1)
  A quokka (D:1)
  2 bats (D:1)
  2 frilled lizards (D:1)
  A kobold (D:2)
  2 rats (D:1)
18 creatures vanquished.

Notes
Turn   | Place    | Note
-------+----------+-------------------------------------------
     0 | D:1      | qw the Gargoyle Fighter began the quest for the Orb.
     0 | D:1      | Reached XP level 1. HP: 14/14 MP: 1/1
     0 | D:1      | 0 ||| qw: Version: 0.2-a-13-gfc7b4b4
     0 | D:1      | 0 ||| qw: Game counter: 1790
     0 | D:1      | 0 ||| qw: Always use a shield: true
     0 | D:1      | 0 ||| qw: God list: Okawaru
     0 | D:1      | 0 ||| qw: Allow faded altars: false
     0 | D:1      | 0 ||| qw: Do Orc after D:15 true
     0 | D:1      | 0 ||| qw: Do second Lair branch before Depths: true
     0 | D:1      | 0 ||| qw: Lair rune preference: random
     0 | D:1      | 0 ||| qw: Plans: Normal, Zot:1-4, God:TSO, Crypt, Tomb,
                  | Pan, Slime:5, Hells, Abyss, Orb
     0 | D:1      | 0 ||| PLANNING D:1-11
    73 | D:1      | Reached XP level 2. HP: 11/19 MP: 2/2
   282 | D:1      | 282 ||| Stepping ~*~*~tactically~*~*~ (stealth).
   373 | D:1      | Found a faded altar of an unknown god.
   535 | D:1      | 535 ||| Stepping ~*~*~tactically~*~*~ (hiding).
  1027 | D:1      | 1027 ||| READING 2 scrolls labelled WINNEI QUXATEOM.
  1028 | D:1      | 1028 ||| READING scroll labelled GAKAGO KOPNETS.
  1029 | D:1      | 1029 ||| READING scroll labelled QAJUMI FIURHA.
  1030 | D:1      | 1030 ||| READING scroll labelled MIUXEPIRORA.
  1097 | D:2      | Noticed Terence
  1107 | D:2      | HP: 2/19 [Terence/+0 mace (6)]
  1107 | D:2      | Slain by Terence

Levels and vault maps discovered:
D:1:      amcnicky_arrival_abandoned_market, layout_basic,
          ebering_ecumenical_altar_sacrificial
D:2:      layout_loops_cross, serial_co_window_serial, co_window_paths_a,
          co_window_cross_1, co_window_paths_b, co_window_paths_b,
          co_window_of_opportunity_a, co_window_corner_ca, co_window_corner_b,
          co_window_cross_3, co_window_paths_d, co_window_4corner_a,
          glass_columns_a, uniq_terence

Skill      XL: |  1 |
---------------+----+-----
Axes           | 2 |  2.9
Fighting       | |  3.2
Armour         | |  3.2
Shields        | |  3.2

Action                   || total
-------------------------++-------
Melee: War axe           ||    62
  Use: Scroll            ||     4
Armor: Scale mail        ||    27
Dodge: Dodged            ||    31
Block: Buckler           ||     6

Table legend:
 A = Non-vault XP
 B = Vault XP
 C = Vault XP percentage of total XP
 D = Non-vault monster count
 E = Vault monster count
 F = Vault count percentage of total count
                 A         B        C        D         E       F
            +---------+---------+-------+---------+---------+-------
      Total |      28 |       0 |   0.0 |      18 |       0 |   0.0
            +---------+---------+-------+---------+---------+-------
        D:1 |      27 |       0 |   0.0 |      17 |       0 |   0.0
        D:2 |       1 |       0 |   0.0 |       1 |       0 |   0.0
            +---------+---------+-------+---------+---------+-------
